 Dungeon Crawl Stone Soup version 0.31-a0-771-g505c3d19dc (webtiles) character file.

Game seed: 9480946192833783073

85305 Skeral the Brawler (level 15, -6/165 HPs)
             Began as a Troll Shapeshifter on Sept 16, 2023.
             Was an Initiate of Gozag.
             Killed from afar by a salamander tyrant (34 damage)
             ... on level 1 of the Snake Pit.
             The game lasted 00:56:36 (17575 turns).

Skeral the Brawler (Troll Shapeshifter)            Turns: 17575, Time: 00:56:36

Health: -6/165     AC: 14    Str: 26    XL:     15   Next: 37%
Magic:  0/14       EV: 12    Int:  6    God:    Gozag
Gold:   2935       SH:  0    Dex: 15    Spells: 14/14 levels left

rFire   . .          .
                       - Unarmed
rCold   . . .        (no shield)
rNeg    . . .        z - +2 acid dragon scales
rPois   +            (helmet currently unavailable)
rElec   .            I - melded +0 cloak {Will+}
rCorr   +            (gloves unavailable)
SInv    .            (boots unavailable)
Will    ++...        T - amulet of Eneyc {Spirit Will+}
Stlth   +            P - ring of poison resistance
HPRegen 1.27/turn    O - +4 ring of protection
MPRegen 0.14/turn

%: guardian spirit
@: beast-form, weakened
A: beast (slay +4), large, unfitting armour, claws 3, regeneration 1, shaggy fur
1, tough skin 1
a: Begin Untransformation, Renounce Religion, Potion Petition, Call Merchant,
Bribe Branch


You were on level 1 of the Snake Pit.
You worshipped Gozag.
Gozag was most pleased with you.
You were a hulking beast.
You visited 4 branches of the dungeon, and saw 17 of its levels.
You also visited: Ice Cave and Volcano.

You collected 6474 gold pieces.
You spent 809 gold pieces at shops.
You paid 2730 gold pieces to Gozag.


Innate Abilities, Weirdness & Mutations

You are a hulking beast.
Your limbs bulge with bestial killing power. (Slay +4)
You are too large for most types of armour.
You have claws for hands.
Your natural rate of healing is unusually fast.
You are covered in fur. (AC +1)
You have tough skin. (AC +1)


   Skills:
 + Level 14.9 Fighting
 - Level 5.0 Throwing
 - Level 6.0 Dodging
 - Level 17.1 Unarmed Combat
 * Level 10.0 Shapeshifting


You had 14 spell levels left.
You didn't know any spells.
Your spell library contained the following spells:

 Spells                   Type           Power      Damage    Failure   Level
 Freeze                   Ice            0%         1d3       52%         1
 Ensorcelled Hibernation  Hex/Ice        0%         N/A       67%         2
 Passwall                 Tmut/Erth      0%         N/A       67%         2
 Frozen Ramparts          Ice            0%         1d1       88%         3
 Hailstorm                Conj/Ice       0%         3d3       88%         3
 Ignite Poison            Fire/Tmut/Pois 0%         N/A       88%         3
 Stone Arrow              Conj/Erth      0%         3d7       88%         3
 Summon Guardian Golem    Hex/Summ       0%         N/A       88%         3
 Swiftness                Air            0%         N/A       88%         3
 Volatile Blastmotes      Fire/Tloc      0%         2d10      88%         3
 Animate Armour           Summ/Erth      0%         N/A       99%         4
 Cause Fear               Hex            0%         N/A       99%         4
 Fulminant Prism          Conj/Hex       0%         3d5       99%         4
 Iskenderun's Mystic Bla  Conj/Tloc      0%         2d3       99%         4
 Leda's Liquefaction      Hex/Erth       0%         N/A       99%         4
 Manifold Assault         Tloc           0%         N/A       99%         4
 Sticky Flame             Conj/Fire      0%         2d3       99%         4
 Fireball                 Conj/Fire      0%         3d3       100%        5
 Lee's Rapid Deconstruct  Erth           0%         3d4*      100%        5
 Summon Forest            Summ/Tloc      0%         N/A       100%        5
 Dispersal                Tloc           0%         N/A       100%        6
 Eringya's Noxious Bog    Tmut/Pois      0%         4d6       100%        6
 Leda's Unmaking          Conj/Erth      0%         9d1       100%        6
 Orb of Destruction       Conj           0%         9d5       100%        7
 Spellforged Servitor     Conj/Summ      0%         N/A       100%        7
 Summon Hydra             Summ           0%         N/A       100%        7
 Disjunction              Tloc           0%         N/A       100%        8
 Ignition                 Fire           0%         3d3       100%        8
 Lehudib's Crystal Spear  Conj/Erth      0%         10d2      100%        8
 Dragon's Call            Summ           0%         N/A       100%        9

Inventory:

Missiles
 m - 22 poisoned darts
 x - 2 curare-tipped darts {=f}
 y - 2 silver javelins
 B - 5 javelins
 C - 2 boomerangs (quivered)
 G - a throwing net {=f!f}
 K - 7 large rocks {=f}
Armour
 s - a +1 kite shield of poison resistance
   (You took it off a naga warrior on level 1 of the Snake Pit)
 z - +2 acid dragon scales (worn)
   (You took it off Maggie on level 6 of the Dungeon)
 I - a +0 cloak of willpower (melded)
   (You took it off Maurice on level 9 of the Dungeon)
 W - a +0 leather armour
   (You found it on level 5 of the Lair of Beasts)
Jewellery
 l - the ring "Vyasoc Tie" {rF+ Will+ Str-4 SInv}
   (You found it on level 2 of the Dungeon)

   [ring of protection from fire]

   Str-4:     It affects your strength (-4).
   rF+:       It protects you from fire.
   Will+:     It increases your willpower.
   SInv:      It lets you see invisible.
 L - the ring "Cufelecvur" {rF+ rN+ Dex+5}
   (You found it in an ice cave)

   [ring of positive energy]

   Dex+5:     It affects your dexterity (+5).
   rF+:       It protects you from fire.
   rN+:       It protects you from negative energy.
 O - a +4 ring of protection (right claw)
   (You found it on level 8 of the Dungeon)
 P - a ring of poison resistance (left claw)
   (You found it on level 3 of the Dungeon)
 T - the amulet of Eneyc (around neck) {Spirit Will+}
   (You bought it in a shop on level 4 of the Lair of Beasts)

   [amulet of guardian spirit]

   Spirit:    It causes incoming damage to be divided between your reserves of
   health and magic.
   Will+:     It increases your willpower.
 Y - a +4 ring of slaying
   (You found it on level 8 of the Dungeon)
Talismans
 c - a beast talisman (active)
 d - a granite talisman
   (You took it off Roxanne on level 1 of the Snake Pit)
 V - a maw talisman
   (You found it on level 5 of the Lair of Beasts)
Wands
 u - a wand of paralysis (26)
   (You found it on level 4 of the Dungeon)
 w - a wand of polymorph (10)
   (You took it off Maurice on level 9 of the Dungeon)
 E - a wand of roots (11)
   (You took it off Jeremiah on level 7 of the Dungeon)
 F - a wand of flame (53)
   (You found it on level 7 of the Dungeon)
 H - a wand of light (5)
   (You found it on level 9 of the Dungeon)
 N - a wand of digging (7)
   (You found it on level 3 of the Lair of Beasts)
Scrolls
 f - a scroll of immolation {!r!r}
 h - 5 scrolls of poison {!r}
 i - a scroll of torment {!r}
 j - 5 scrolls of vulnerability {!r!r}
 k - a scroll of noise {!r}
 p - 8 scrolls of teleportation {@r4}
 r - 5 scrolls of fog
 v - a scroll of amnesia
 D - 3 scrolls of revelation
 M - a scroll of enchant weapon
 Q - a scroll of enchant armour
 Z - a scroll of fear {unknown}
Potions
 a - a potion of ambrosia
 b - 5 potions of lignification {!q}
 e - 4 potions of magic
 g - 3 potions of cancellation {unknown}
 n - 5 potions of attraction {!q}
 o - 4 potions of brilliance
 q - 6 potions of enlightenment
 t - 2 potions of heal wounds {unknown}
 J - 4 potions of curing {@q1}
 S - 2 potions of might {unknown}
 U - 2 potions of degeneration {unknown}
 X - 2 potions of haste {unknown}

Dungeon Overview and Level Annotations

Branches:
Dungeon (10/15) Zot: 26083  Temple (1/1) D:5 Zot: 5987    Lair (5/5) D:9 Zot: 24273
  Swamp (0/4) Lair:3        Snake (1/4) Lair:3 Zot: 4903   Slime (0/5) Lair:4
    Orc (0/2) D:9           IceCv (visited)         Volcano (visited)

Altars:
Ashenzari
Cheibriados
Dithmenos
Elyvilon
Fedhas
Gozag
Hepliaklqana
Kikubaaqudgha
Makhleb
Nemelex Xobeh
Okawaru
Qazlal
Ru
Sif Muna
Trog
Uskayaw
Vehumet
Wu Jian
Xom
Yredelemnul
Zin
The Shining One
Jiyva

Shops:
D:10 (   Lair:1 [   Lair:4 =   Snake:1 :

Annotations:
D:5 2 transporters, ShadowTiger's ghost, novice MeFi
D:8 2 transporters

#.......#
#####.......##########
#.......#
#............[§.)).).#
##...####
#..§§§§§§..N######)..#
###.## #...§§§§§####
##')'# ###^.#
####§§§§§# ##.....
..##.###### #§§§###
##..#§#. ...#......#
#.N.# ##§.#§≈≈#
..........## ##.##
#≈..§≈≈≈≈
...........## #h#
##..#≈≈§#
..).........# #≈#
#≈...#≈#.
....#.......# ##.##
##.).....
.####.##....###)..#
#≈.)#≈#≈# .#
##..#....)##...#
##.#≈###§
.###...#......#...#
#≈.≈## ##
(..#....##...)..###
##. #
.#.#....##....#.# ≈. #
...##...##....#.# #. #


You could see a salamander tyrant (fast).


Message History

The salamander tyrant calls gouts of flame from the lava!
The flame surge hits you!! 😮 HP[-28] MP[-2]
You take 28 damage, and now have 115/165 hp.
You lost 2 mp, and now have 10/14 mp. 😮 HP[+1]
The salamander tyrant calls gouts of flame from the lava!
The flame surge hits you!!
The salamander tyrant gazes fiercely through you!
You feel your attacks grow feeble. 😮 HP[-21] MP[-2]
You take 21 damage, and now have 95/165 hp.
You lost 2 mp, and now have 8/14 mp. 😮 HP[+1]
The salamander tyrant gazes fiercely through you!
You feel as though you will be weak longer.
The salamander tyrant gazes fiercely through you!
You feel as though you will be weak longer. 😮 HP[+1] 😮 HP[+2] MP[+1]
You regained 2 hp, and now have 99/165 hp.
The salamander tyrant gazes fiercely through you!
You feel as though you will be weak longer.
The salamander tyrant gazes fiercely through you!
You feel as though you will be weak longer. 😮 HP[+1]
There is an open gate, spattered with blood here.
You see here a +0 shortbow of flaming. 😮 HP[+1]
You see here a +1 shortbow of flaming. 😮 HP[+1]
You see here a +4 shortbow of flaming. 😮 HP[+2]
You regained 2 hp, and now have 104/165 hp.
The salamander tyrant gazes fiercely through you!
You feel as though you will be weak longer.
You see here a +1 heavy trident. 😮 HP[+1]
The salamander tyrant attacks as it pursues you!
The salamander tyrant hits you!
You are engulfed in flames!
* * * LOW HITPOINT WARNING * * *
😨 HP[-23] MP[-2]
You take 23 damage, and now have 82/165 hp.
You lost 2 mp, and now have 7/14 mp.
The salamander tyrant attacks as it pursues you!
The salamander tyrant hits you.
* * * LOW HITPOINT WARNING * * *
You are engulfed in flames!!
* * * LOW HITPOINT WARNING * * *
The salamander tyrant hits you!
* * * LOW HITPOINT WARNING * * *
You are engulfed in flames!!
* * * LOW HITPOINT WARNING * * *
😱 HP[-60] MP[-5]
You take 60 damage, and now have 22/165 hp.
MASSIVE DAMAGE!! (PAUSE)
You lost 5 mp, and now have 2/14 mp.
Blink to where?
Press: ? - help, Dir - move target
As you read the scroll of blinking {!r}, it crumbles to dust. 😱 HP[+2] MP[+1]
You regained 2 hp, and now have 24/165 hp. [a] - 729 gold - brilliance, magic, haste and enlightenment [b] - 500 gold - heal wounds, curing, berserk rage, brilliance and magic [c] - 110 gold - heal wounds Purchase which effect?
You no longer have enough gold to bribe branches to halt enemies' attacks and recruit allies.
You feel much better. 😨 HP[+27]
You regained 27 hp, and now have 51/165 hp. 😨 HP[+1]
Aiming: Fastroot
Press: ? - help, Shift-Dir - straight line, f - salamander tyrant
Aim: a salamander tyrant (fast)
The roots erupt in riotous growth!
Roots grab the salamander tyrant.
The grasping roots constrict the salamander tyrant.
The salamander tyrant rends the earth beneath you!
The blast of magma engulfs you!!
* * * LOW HITPOINT WARNING * * *
The salamander tyrant struggles to escape constriction. 😱 HP[-31] MP[-2]
You take 31 damage, and now have 21/165 hp.
You lost 2 mp, and now have 1/14 mp.
As you read the scroll of fog, it dissolves into smoke.
The roots lose their grip on something. 😱 HP[+2]
You regained 2 hp, and now have 23/165 hp. 😱 HP[+1] 😱 HP[+1]
The salamander tyrant gazes fiercely through you!
You feel as though you will be weak longer. 😱 HP[+2] MP[+1]
You regained 2 hp, and now have 27/165 hp.
The salamander tyrant gazes fiercely through you!
You feel as though you will be weak longer.
The salamander tyrant rends the earth beneath you!
The blast of magma engulfs you!!!
You die...
Your body crumbles into a pile of gold.

Skill      XL: |  1  2  3  4  5  6  7  8  9 10 11 12 13 14 15 |
---------------+----------------------------------------------+-----
Fighting       | 1 2 3 4 5 6 7 9 10 11 13 14 | 14.9
Unarmed Combat | 4 5 6 8 9 11 13 14 15 17 | 17.1
Shapeshifting  | 4 5 7 8 10 | 10.0
Throwing       | 2 5 |  5.0
Dodging        | 3 5 6 |  6.0

Action                     |  1- 3 |  4- 6 |  7- 9 | 10-12 | 13-15 || total
---------------------------+-------+-------+-------+-------+-------++-------
  Melee: Unarmed           |    78 |    82 |   192 |   562 |   833 ||  1747
         Punch             |     1 |     3 |    16 |    54 |    86 ||   160
  Throw: Dart              |       |       |     9 |    13 |     8 ||    30
         Boomerang         |       |       |       |     3 |    16 ||    19
         Javelin           |       |       |       |     2 |       ||     2
 Invoke: Potion Petition   |       |       |       |     3 |     2 ||     5
         Call Merchant     |       |       |       |     1 |     1 ||     2
  Evoke: Wand              |       |       |       |     7 |     4 ||    11
    Use: Scroll            |       |       |       |    15 |    10 ||    25
         Potion            |       |       |       |     2 |     5 ||     7
   Stab: Sleeping          |     1 |     2 |       |       |       ||     3
         Distracted        |       |       |       |     3 |     5 ||     8
         Paralysed         |       |       |       |     1 |       ||     1
         Invisible         |       |       |       |       |     1 ||     1
 Armour: Animal skin       |    46 |    75 |    23 |       |       ||   144
         Robe              |       |       |    22 |    92 |       ||   114
         Acid dragon scale |       |       |   100 |   293 |   360 ||   753
         Ice dragon scales |       |       |       |   102 |   353 ||   455
  Dodge: Dodged            |    37 |    44 |    64 |   223 |   432 ||   800
   Form: Beast             |       |       |       |     2 |       ||     2
         Flux              |       |       |       |     2 |       ||     2

Levels and vault maps discovered:
D:1:      heliophobic_arrival_enchanted_forest, layout_basic,
          minmay_misc_feat_columns
D:2:      layout_basic
D:3:      layout_loops_corners, fedhas_altar_1,
          mainiacjoe_overflow_tiny_flanked, nicolae_tso_swordbearing_angel
D:4:      layout_rooms
D:5:      layout_basic, minmay_temple_entry_mist, gammafunk_ghost_mausoleum,
          uniq_sigmund
D:6:      layout_basic, uniq_maggie
D:7:      layout_rooms, uniq_pikel, uniq_jeremiah, uniq_crazy_yiuf_cottage,
          uniq_duvessa
D:8:      gammafunk_wand_slinger, layout_cave_pods, lemuel_round_altar,
          water_boxes_lemuel
D:9:      layout_cave_pods, grunt_dithmenos_smoke_and_mirrors,
          erik_lair_orcish_takeover, kennysheep_orc_monster_closet_entryway,
          uniq_maurice
D:10:     layout_gridville, nicolae_overflow_crystal_walls,
          nicolae_overflow_squiral, serial_shops, nicolae_stop_n_shop_1
Temple:   compressed_dpeg_circular_temple
Lair:1:   layout_gridlike, portal_ice_cave_rime, basic_altar, grunt_megastairs_5
Lair:2:   layout_gridlike, hangedman_tree_tricks, cheibrodos_lair_lostbears,
          grunt_megastairs_4
Lair:3:   nzn_motion_control, layout_regular_city, swamp_mist_pool,
          dummy_snake_entry, minivault_24, chequers_serial_rivers_micro_b,
          grunt_megastairs_2, infiniplex_staircase_pool, uniq_josephine
Lair:4:   layout_misc_corridors, nicolae_slime_entry_slimehenge
Lair:5:   hangedman_lair_caniforms_friends, layout_cave_pods,
          hangedman_lair_tendril_chambers, enter_volcano_3
Snake:1:  cheibrodos_snake_lava_hold, layout_misc_corridors, serial_shops, shop,
          uniq_roxanne

Notes
Turn   | Place    | Note
-------+----------+-------------------------------------------
     0 | D:1      | Skeral the Troll Shapeshifter began the quest for the Orb.
     0 | D:1      | Reached XP level 1. HP: 18/18 MP: 0/0
     0 | D:1      | magus.rc [v1.10.3]
    96 | D:1      | You add the spells Summon Forest, Eringya's Noxious Bog and
                  | Summon Hydra to your library.
   148 | D:1      | Reached skill level 1 in Fighting
   305 | D:1      | Reached XP level 2. HP: 17/27 MP: 1/1
  1001 | D:2      | Identified the ring "Vyasoc Tie" {rF+ Will+ Str-4 SInv}
  1176 | D:2      | Reached XP level 3. HP: 31/35 MP: 2/2
  1664 | D:3      | Reached skill level 2 in Fighting
  1677 | D:3      | Found a sparkling altar of Nemelex Xobeh.
  1793 | D:3      | Found a glowing golden altar of the Shining One.
  1868 | D:3      | You pick up a book of Burglary and begin reading...
  1868 | D:3      | You add the spells Passwall, Ensorcelled Hibernation and
                  | Swiftness to your library.
  1873 | D:3      | Reached skill level 4 in Unarmed Combat
  1938 | D:3      | You pick up a book of Armaments and begin reading...
  1938 | D:3      | You add the spells Stone Arrow, Animate Armour and
                  | Lehudib's Crystal Spear to your library.
  1983 | D:3      | Reached XP level 4. HP: 26/44 MP: 1/3
  2013 | D:3      | Found a blossoming altar of Fedhas.
  2018 | D:3      | You add the spells Ignite Poison, Sticky Flame and Ignition
                  | to your library.
  2324 | D:3      | Reached XP level 5. HP: 44/52 MP: 4/4
  2327 | D:3      | Reached skill level 3 in Fighting
  2507 | D:4      | Reached skill level 5 in Unarmed Combat
  2535 | D:4      | Noticed a black bear
  2543 | D:4      | Killed a black bear
  2544 | D:4      | Reached XP level 6. HP: 54/62 MP: 5/5
  2695 | D:4      | Reached skill level 4 in Fighting
  2749 | D:4      | You pick up a book of the Earth and begin reading...
  2749 | D:4      | You add the spells Leda's Liquefaction, Lee's Rapid
                  | Deconstruction and Leda's Unmaking to your library.
  2954 | D:5      | Entered Level 5 of the Dungeon
  2987 | D:5      | Reached XP level 7. HP: 64/70 MP: 6/6
  2998 | D:5      | Reached skill level 6 in Unarmed Combat
  3117 | D:5      | Noticed Sigmund
  3123 | D:5      | Killed Sigmund
  3162 | D:5      | Found a staircase to the Ecumenical Temple.
  3172 | Temple   | Entered the Ecumenical Temple
  3178 | Temple   | Became a worshipper of Gozag Ym Sagoz the Greedy
  3256 | D:5      | Reached skill level 4 in Shapeshifting
  3325 | D:5      | Found a transporter.
  3325 | D:5      | Noticed ShadowTiger's ghost (novice MeFi)
  3364 | D:5      | Found a transporter.
  3455 | D:5      | Reached skill level 5 in Fighting
  3455 | D:5      | Reached XP level 8. HP: 52/80 MP: 4/7
  3955 | D:6      | Noticed Maggie
  3968 | D:6      | Killed Maggie
  3969 | D:6      | Reached skill level 7 in Unarmed Combat
  3969 | D:6      | Reached skill level 5 in Shapeshifting
  4407 | D:6      | Reached skill level 6 in Fighting
  4631 | D:7      | Reached skill level 8 in Unarmed Combat
  4631 | D:7      | Reached XP level 9. HP: 75/89 MP: 6/8
  4663 | D:7      | Noticed Jeremiah
  4685 | D:7      | Noticed Duvessa
  4685 | D:7      | Noticed Dowan
  4688 | D:7      | Killed Jeremiah
  4689 | D:7      | Reached skill level 6 in Shapeshifting
  4773 | D:7      | Killed Dowan
  4790 | D:7      | Killed Duvessa
  4840 | D:7      | Reached skill level 7 in Fighting
  4934 | D:7      | Reached skill level 9 in Unarmed Combat
  4974 | D:7      | Noticed Pikel
  4985 | D:7      | Reached skill level 7 in Shapeshifting
  5005 | D:7      | Killed Pikel
  5254 | D:7      | Found a runed translucent door.
  5255 | D:7      | Noticed Crazy Yiuf
  5261 | D:7      | Killed Crazy Yiuf
  5262 | D:7      | Reached XP level 10. HP: 98/102 MP: 7/9
  5439 | D:8      | You pick up a book of Blasting and begin reading...
  5439 | D:8      | You add the spells Volatile Blastmotes, Fulminant Prism and
                  | Iskenderun's Mystic Blast to your library.
  5569 | D:8      | Found a transporter.
  5673 | D:8      | Found a transporter.
  5813 | D:8      | Found a radiant altar of Vehumet.
  6308 | D:9      | HP: 26/104 [orc warrior/+1 heavy glaive (24)]
  6318 | D:9      | Reached skill level 10 in Unarmed Combat
  6361 | D:9      | You pick up a book of the Warp and begin reading...
  6361 | D:9      | You add the spells Manifold Assault, Dispersal and
                  | Disjunction to your library.
  6381 | D:9      | You pick up a book of the Dragon and begin reading...
  6381 | D:9      | You add the spells Cause Fear, Fireball and Dragon's Call
                  | to your library.
  6475 | D:9      | Reached skill level 8 in Fighting
  6735 | D:9      | Noticed Maurice
  6740 | D:9      | Maurice stole an amulet of regeneration
  6752 | D:9      | Killed Maurice
  6872 | D:9      | Found a staircase to the Lair.
  6955 | D:9      | Found a staircase to the Orcish Mines.
  7053 | D:9      | Reached skill level 11 in Unarmed Combat
  7080 | D:9      | Reached skill level 9 in Fighting
  7083 | D:9      | HP: 25/107 [ogre/+0 giant club (23)]
  7088 | D:9      | HP: 15/107 [orc warrior/+0 glaive (11)]
  7343 | D:9      | Found a shadowy altar of Dithmenos.
  7466 | D:10     | Entered Level 10 of the Dungeon
  7466 | D:10     | Found Sirasixi's Weapon Emporium.
  7744 | D:10     | Found a snail-covered altar of Cheibriados.
  7748 | D:10     | Found a white marble altar of Elyvilon.
  7836 | D:10     | Found a sacrificial altar of Ru.
  7875 | D:10     | Reached XP level 11. HP: 115/115 MP: 10/10
  8376 | Lair:1   | Entered Level 1 of the Lair of Beasts
  8404 | Lair:1   | Noticed a catoblepas
  8415 | Lair:1   | Killed a catoblepas
  8482 | Lair:1   | Found an ornate altar of the Wu Jian Council.
  8520 | Lair:1   | Reached skill level 12 in Unarmed Combat
  8545 | Lair:1   | Reached skill level 10 in Fighting
  8670 | Lair:1   | Found a frozen archway.
  8689 | IceCv    | Entered an ice cave
  8854 | IceCv    | Reached skill level 1 in Throwing
  8854 | IceCv    | Reached skill level 2 in Dodging
  9024 | IceCv    | Reached skill level 2 in Throwing
  9133 | IceCv    | Found an ancient bone altar of Kikubaaqudgha.
  9133 | IceCv    | Noticed a white ugly thing
  9232 | IceCv    | Killed a white ugly thing
  9316 | IceCv    | Reached skill level 3 in Dodging
  9394 | IceCv    | Reached skill level 13 in Unarmed Combat
  9394 | IceCv    | Reached XP level 12. HP: 116/128 MP: 8/11
  9439 | IceCv    | HP: 32/128 [anaconda simulacrum (7)]
  9520 | IceCv    | Reached skill level 3 in Throwing
 10164 | IceCv    | Reached skill level 4 in Dodging
 10201 | IceCv    | Reached skill level 11 in Fighting
 10247 | IceCv    | Identified the ring "Cufelecvur" {rF+ rN+ Dex+5}
 10404 | Lair:1   | Reached skill level 4 in Throwing
 11069 | Lair:2   | Reached skill level 5 in Throwing
 11069 | Lair:2   | Reached skill level 5 in Dodging
 11669 | Lair:2   | Found a blossoming altar of Fedhas.
 11736 | Lair:2   | Reached skill level 14 in Unarmed Combat
 11742 | Lair:2   | Reached XP level 13. HP: 77/137 MP: 7/12
 12153 | Lair:3   | Found a staircase to the Swamp.
 12216 | Lair:3   | Reached skill level 6 in Dodging
 12259 | Lair:3   | Noticed Josephine
 12272 | Lair:3   | Killed Josephine
 12420 | Lair:3   | Reached skill level 12 in Fighting
 12568 | Lair:3   | Found a staircase to the Snake Pit.
 12822 | Lair:3   | Reached skill level 15 in Unarmed Combat
 13607 | Lair:4   | Found a viscous altar of Jiyva.
 13609 | Lair:4   | Found a staircase to the Slime Pits.
 13646 | Lair:4   | Reached skill level 13 in Fighting
 13986 | Lair:4   | Bought the amulet of Eneyc {Spirit Will+} for 809 gold
                  | pieces
 14005 | Lair:5   | Entered Level 5 of the Lair of Beasts
 14090 | Lair:5   | Reached XP level 14. HP: 39/153 MP: 2/13
 14090 | Lair:5   | HP: 33/153 [elephant (8)]
 14095 | Lair:5   | HP: 33/153 [elephant (6)]
 14100 | Lair:5   | HP: 33/153 [yak (3)]
 14247 | Lair:5   | Reached skill level 16 in Unarmed Combat
 14500 | Lair:5   | Found a dark tunnel.
 14530 | Volcano  | Entered a volcano
 14729 | Volcano  | Found a radiant altar of Vehumet.
 14744 | Volcano  | Noticed a stone giant
 14758 | Volcano  | Killed a stone giant
 15059 | Lair:5   | Reached skill level 14 in Fighting
 15197 | Lair:5   | Identified the +5 ring mail "Wealoc" {Rampage rElec rCorr}
 15260 | Lair:5   | Reached skill level 17 in Unarmed Combat
 15686 | Lair:5   | You pick up a book of Dangerous Friends and begin
                  | reading...
 15686 | Lair:5   | You add the spells Summon Guardian Golem, Orb of
                  | Destruction and Spellforged Servitor to your library.
 15793 | Lair:5   | Reached skill level 8 in Shapeshifting
 16204 | Lair:5   | Reached XP level 15. HP: 96/165 MP: 10/14
 16212 | Lair:5   | HP: 34/165 [guardian serpent (13)]
 16439 | Snake:1  | Entered Level 1 of the Snake Pit
 16575 | Snake:1  | You pick up a book of Frost and begin reading...
 16575 | Snake:1  | You add the spells Freeze, Frozen Ramparts and Hailstorm to
                  | your library.
 16623 | Snake:1  | Reached skill level 9 in Shapeshifting
 16889 | Snake:1  | Found Zoiliff's Book Emporium.
 17096 | Snake:1  | Noticed Roxanne
 17107 | Snake:1  | Killed Roxanne
 17345 | Snake:1  | Identified the +7 dagger "Hackemm" {elec, *Corrode rPois
                  | Str+3 Dex+6}
 17436 | Snake:1  | Reached skill level 10 in Shapeshifting
 17566 | Snake:1  | HP: 22/165 [salamander tyrant (25)]
 17575 | Snake:1  | Killed from afar by a salamander tyrant

Vanquished Creatures
  Roxanne (Snake:1)
  A stone giant (Volcano)
  Josephine (Lair:3)
  3 hydras (Lair:5)
  2 anacondas (Snake:1)
  2 boulder beetles (Lair:5)
  3 catoblepae
  2 naga warriors (Snake:1)
  3 death yaks (Lair:3)
  A shock serpent (Snake:1)
  4 skysharks
  A naga ritualist (Snake:1)
  Pikel (D:7)
  A necromancer (IceCv)
  5 mana vipers (Snake:1)
  7 salamanders (Snake:1)
  An ugly thing (IceCv)
  2 wolf spiders (Lair:5)
  2 oklob plants (Lair:2)
  2 manticores (Lair:3)
  21 elephants
  Maurice (D:9)
  17 black mambas
  2 guardian serpents
  2 naga magi (Snake:1)
  2 molten gargoyles (Volcano)
  An ice statue (IceCv)
  4 gargoyles (Volcano)
  21 cane toads
  9 komodo dragons
  4 freezing wraiths (IceCv)
  Maggie (D:6)
  3 rime drakes (Lair:1)
  2 anaconda simulacra (IceCv)
  Jeremiah (D:7)
  An efreet (Volcano)
  11 ice devils (IceCv)
  A troll (D:9)
  16 polar bears
  3 raiju (Lair:5)
  10 blink frogs
  5 dream sheep (Lair:5)
  4 hornets
  Sigmund (D:5)
  A dire elephant simulacrum (IceCv)
  4 wraiths (Lair:3)
  12 wyverns
  2 fire bats (Volcano)
  48 yaks
  3 basilisks
  2 steam dragons
  A redback (Lair:5)
  9 wargs
  3 harpy simulacra (IceCv)
  5 death yak simulacra (IceCv)
  3 nagas (Snake:1)
  Duvessa (D:7)
  14 hell hounds (Lair:5)
  15 water moccasins
  An acid dragon (D:10)
  A hydra simulacrum (IceCv)
  15 black bears
  2 sky beasts
  2 ice beasts
  5 orc warriors (D:9)
  3 ogres
  26 wolves
  A centaur (D:8)
  A lemure (D:7)
  A phantom (D:5)
  4 kobold brigands
  8 bullfrogs
  3 cane toad simulacra (IceCv)
  5 gnoll sergeants (D:9)
  3 scorpions
  Dowan (D:7)
  5 killer bees (D:10)
  4 elephant simulacra (IceCv)
  4 howler monkeys
  3 electric eels
  7 lava snakes (Volcano)
  3 hounds
  Crazy Yiuf (D:7)
  9 orc priests
  5 jellies
  3 iguanas
  3 sleepcaps
  14 orc wizards
  2 troll simulacra (IceCv)
  4 polar bear simulacra (IceCv)
  4 wolf simulacra (IceCv)
  10 gnolls
  7 adders
  A naga simulacrum (IceCv)
  5 white imps
  2 ufetubi
  2 worms
  2 dart slugs
  39 orcs
  8 endoplasms
  3 giant cockroaches
  3 hobgoblins
  8 kobolds
  2 quokkas
  7 ball pythons
  3 bats (D:1)
  8 goblins
  5 rats
579 creatures vanquished.

Vanquished Creatures (collateral kills)
  An orc warrior (D:9)
  An ogre (D:9)
2 creatures vanquished.

Grand Total: 581 creatures vanquished

Table legend:
 A = Non-vault XP
 B = Vault XP
 C = Vault XP percentage of total XP
 D = Non-vault monster count
 E = Vault monster count
 F = Vault count percentage of total count
                 A         B        C        D         E       F
            +---------+---------+-------+---------+---------+-------
      Total |   64820 |   57045 |  46.8 |     330 |     250 |  43.1
            +---------+---------+-------+---------+---------+-------
        D:1 |      22 |       0 |   0.0 |      14 |       0 |   0.0
        D:2 |      25 |       0 |   0.0 |       7 |       0 |   0.0
        D:3 |     219 |       0 |   0.0 |      21 |       0 |   0.0
        D:4 |     386 |       0 |   0.0 |      21 |       0 |   0.0
        D:5 |     803 |     223 |  21.7 |      25 |       1 |   3.8
        D:6 |     631 |     385 |  37.9 |      17 |       1 |   5.6
        D:7 |    1586 |    1255 |  44.2 |      21 |       5 |  19.2
        D:8 |     495 |       0 |   0.0 |       5 |       0 |   0.0
        D:9 |     819 |    3035 |  78.7 |      18 |      31 |  63.3
       D:10 |    1713 |       0 |   0.0 |      23 |       0 |   0.0
     Lair:1 |    4038 |    2586 |  39.0 |      12 |      13 |  52.0
     Lair:2 |    6614 |    4183 |  38.7 |      21 |      14 |  40.0
     Lair:3 |   11563 |    5318 |  31.5 |      32 |      14 |  30.4
     Lair:4 |    6591 |     751 |  10.2 |      17 |       8 |  32.0
     Lair:5 |   17347 |   19893 |  53.4 |      54 |      88 |  62.0
    Snake:1 |   11968 |    4512 |  27.4 |      22 |       7 |  24.1
      IceCv |       0 |   10179 | 100.0 |       0 |      51 | 100.0
    Volcano |       0 |    4725 | 100.0 |       0 |      17 | 100.0
            +---------+---------+-------+---------+---------+-------

Skill      XL: |  1  2  3  4  5  6  7  8  9 10 11 12 13 14 15 |
---------------+----------------------------------------------+-----
Fighting       | 1 2 3 4 5 6 7 9 10 11 13 14 | 14.9
Unarmed Combat | 4 5 6 8 9 11 13 14 15 17 | 17.1
Shapeshifting  | 4 5 7 8 10 | 10.0
Throwing       | 2 5 |  5.0
Dodging        | 3 5 6 |  6.0

Action                     |  1- 3 |  4- 6 |  7- 9 | 10-12 | 13-15 || total
---------------------------+-------+-------+-------+-------+-------++-------
  Melee: Unarmed           |    78 |    82 |   192 |   562 |   833 ||  1747
         Punch             |     1 |     3 |    16 |    54 |    86 ||   160
  Throw: Dart              |       |       |     9 |    13 |     8 ||    30
         Boomerang         |       |       |       |     3 |    16 ||    19
         Javelin           |       |       |       |     2 |       ||     2
 Invoke: Potion Petition   |       |       |       |     3 |     2 ||     5
         Call Merchant     |       |       |       |     1 |     1 ||     2
  Evoke: Wand              |       |       |       |     7 |     4 ||    11
    Use: Scroll            |       |       |       |    15 |    10 ||    25
         Potion            |       |       |       |     2 |     5 ||     7
   Stab: Sleeping          |     1 |     2 |       |       |       ||     3
         Distracted        |       |       |       |     3 |     5 ||     8
         Paralysed         |       |       |       |     1 |       ||     1
         Invisible         |       |       |       |       |     1 ||     1
 Armour: Animal skin       |    46 |    75 |    23 |       |       ||   144
         Robe              |       |       |    22 |    92 |       ||   114
         Acid dragon scale |       |       |   100 |   293 |   360 ||   753
         Ice dragon scales |       |       |       |   102 |   353 ||   455
  Dodge: Dodged            |    37 |    44 |    64 |   223 |   432 ||   800
   Form: Beast             |       |       |       |     2 |       ||     2
         Flux              |       |       |       |     2 |       ||     2

Illustrated notes

Table legend:
 A = Kills in this place as a percentage of kills in the entire game.
 B = Kills by you in this place as a percentage of kills by you in the entire game.
 C = Kills by friends in this place as a percentage of kills by friends in the entire game.
 D = Other kills in this place as a percentage of other kills in the entire game.
 E = Experience gained in this place as a percentage of experience gained in the entire game.
 F = Experience gained in this place divided by the number of levels of this place that you have seen.
                   A       B       C       D       E      F
               +-------+-------+-------+-------+-------+----------------------
         Total | 100.0 | 100.0 | 100.0 |   N/A | 100.0 | 6413.9
       Dungeon |  36.2 |  36.0 | 100.0 |   N/A |   9.5 | 1159.7
          Lair |  47.1 |  47.2 |   0.0 |   N/A |  64.7 | 15776.8
     Snake Pit |   5.0 |   5.0 |   0.0 |   N/A |  13.5 | 16480.0
      Ice Cave |   8.8 |   8.8 |   0.0 |   N/A |   8.4 | 10179.0
       Volcano |   2.9 |   2.9 |   0.0 |   N/A |   3.9 | 4725.0
               +-------+-------+-------+-------+-------+----------------------

Table legend: (Time is in decaauts)
 A = Elapsed time spent in this place.
 B = Non-inter-level travel time spent in this place.
 C = Inter-level travel time spent in this place.
 D = Time resting spent in this place.
 E = Time spent auto-exploring this place.
 F = Levels seen in this place.
 G = Mean time per level.
                   A        B        C        D        E       F      G
               +--------+--------+--------+--------+--------+-----+--------+
         Total |  17149 |  16119 |   1030 |   1440 |   7240 |  19 |  902.6 |
       Dungeon |   8311 |   7936 |    375 |    214 |   5740 |  10 |  831.1 |
        Temple |     12 |      7 |      5 |      0 |      0 |   1 |   12.0 |
          Lair |   5726 |   5091 |    635 |    353 |   1423 |   5 | 1145.2 |
     Snake Pit |   1095 |   1081 |     14 |    451 |     21 |   1 | 1095.0 |
      Ice Cave |   1616 |   1616 |      0 |    352 |     56 |   1 | 1616.0 |
       Volcano |    386 |    386 |      0 |     69 |      0 |   1 |  386.0 |
               +--------+--------+--------+--------+--------+-----+--------+

Top non-repeatable levels by time:
  Lair:5: 1679 daAuts
   IceCv: 1616 daAuts
     D:9: 1274 daAuts
  Lair:3: 1262 daAuts
 Snake:1: 1095 daAuts
  Lair:2: 1072 daAuts
     D:3: 964 daAuts
  Lair:1: 941 daAuts
     D:8: 896 daAuts
     D:5: 889 daAuts
    D:10: 879 daAuts
     D:2: 791 daAuts
  Lair:4: 770 daAuts
     D:6: 761 daAuts
     D:1: 703 daAuts
